 Dungeon Crawl Stone Soup version 0.31.0-32-g396128a36d (webtiles) character file.

Game seed: 3075027176956006193

146 H0rd4k the Insei (level 5, 0/34 HPs)
             Began as an Octopode Artificer on Apr 23, 2024.
             Was an Initiate of Gozag.
             Killed from afar by Ijyb (17 damage)
             ... with a bolt of dispelling energy
             ... on level 3 of the Dungeon.
             The game lasted 00:01:48 (1674 turns).

H0rd4k the Insei (Octopode Artificer)               Turns: 1674, Time: 00:01:49

Health: 0/34       AC:  1    Str: 17    XL:     5   Next: 28%
Magic:  5/5        EV: 13    Int: 16    God:    Gozag
Gold:   30         SH:  0    Dex: 12    Spells: 4/4 levels left

rFire   . .          .
                       - Unarmed
rCold   . . .        (no shield)
rNeg    . . .        (helmet restricted)
rPois   .            (no amulet)
rElec   .            g - +6 ring of strength
rCorr   .            (no ring)
SInv    .            (no ring)
Will    .....        (no ring)
Stlth   +++          (no ring)
HPRegen 0.25/turn    (no ring)
MPRegen 0.09/turn    (no ring)
                     (no ring)

%: no passive effects
@: no status effects
A: almost no armour, amphibious, 8 rings, camouflage 1, gelatinous body 1,
(nimble swimmer 1), tentacles
a: Renounce Religion, Potion Petition, Call Merchant, Bribe Branch


You were on level 3 of the Dungeon.
You worshipped Gozag.
Gozag was noncommittal.
You visited 2 branches of the dungeon, and saw 5 of its levels.

You collected 121 gold pieces.
You paid 91 gold pieces to Gozag.

Inventory:

Missiles
 n - 6 poisoned darts
Armour
 j - an orb of energy
Jewellery
 g - a +6 ring of strength (left tentacle)
Wands
 b - a wand of flame (45) (quivered)
 c - a wand of charming (15)
 d - a wand of iceblast (5)
 r - a wand of polymorph (7)
Scrolls
 a - a scroll of immolation {unknown}
 e - 2 scrolls of enchant weapon {unknown}
 f - a scroll of vulnerability {unknown}
 k - 2 scrolls of amnesia {unknown}
 l - 3 scrolls of identify {unknown}
 q - a scroll of revelation {unknown}
Potions
 h - a potion of heal wounds {unknown}
 i - 2 potions of attraction {unknown}
 m - a potion of resistance {unknown}
 o - a potion of mutation {unknown}
 p - a potion of curing {unknown}


   Skills:
 + Level 2.0 Fighting
 - Level 2.3 Dodging
 - Level 1.3 Stealth
 + Level 4.4 Unarmed Combat
 - Level 3.2 Evocations


You had 4 spell levels left.
You didn't know any spells.
Your spell library contained the following spells:

 Spells                   Type           Power      Damage    Failure   Level
 Kiss of Death            Conj/Necr      0%         2d5       26%         1
 Confusing Touch          Hex            0%         N/A       58%         3
 Dispel Undead            Necr           0%         3d6       94%         4


Dungeon Overview and Level Annotations

Branches:
Dungeon (4/15)             Temple (1/1) D:4

Altars:
Cheibriados
Dithmenos
Elyvilon
Gozag
Kikubaaqudgha
Makhleb
Okawaru
Ru
Trog
Vehumet
Yredelemnul
Zin

Shops:
D:3 (

Annotations:
D:3 1 runed translucent door, Ijyb


Innate Abilities, Weirdness & Mutations

You cannot wear most types of armour.
You are amphibious.
You can wear up to eight rings at the same time.
Your skin changes colour to match your surroundings (Stealth+).
Your rubbery body absorbs attacks. (AC +1, EV +1)
((You are camouflaged when in or above water. (Stealth+)))
You have tentacles for arms and can constrict up to eight enemies at once.


Message History

You completely miss the adder. You grab the adder.
You squeeze the adder, but do no damage.
The adder is lightly wounded.
You constrict the adder. The adder barely misses you.
An adder is nearby!
You bludgeon the adder!
The adder is almost dead.
You constrict the adder.
You kill the adder!
You now have 30 gold pieces (gained 4).
You pick up a book of Touch and begin reading...
You add the spells Kiss of Death, Confusing Touch and Dispel Undead to your library.
No target in view!
Found a stone staircase leading up.
No target in view!
Ijyb the Twisted Goblin comes into view.
She is wielding a +0 club and carrying a wand of quicksilver.
Ijyb is nearby!
The helpless Ijyb fails to defend herself.
You tentacle-slap Ijyb. Your grab misses Ijyb.
Ijyb is lightly wounded.
Ijyb hits you with a +0 club.
You closely miss Ijyb. Your grab misses Ijyb.
Ijyb is lightly wounded.
Ijyb hits you with a +0 club!
Ijyb is nearby!
You closely miss Ijyb. Your grab misses Ijyb. You squeeze Ijyb!
Ijyb is heavily wounded.
Ijyb hits you with a +0 club.
You closely miss Ijyb. Your grab misses Ijyb.
You squeeze Ijyb, but do no damage.
Ijyb is heavily wounded.
Ijyb hits you with a +0 club.
You tentacle-slap Ijyb but do no damage.
You grab Ijyb. You squeeze Ijyb, but do no damage.
Ijyb is heavily wounded.
You constrict Ijyb, but do no damage.
Ijyb zaps a wand.
The bolt of dispelling energy hits you!
Ouch! That really hurt!
You die...
Your body crumbles into a pile of gold.

##### ##...##
##.....##
#.......# ####
#.......# #..#
#.......# ##..#
###.....## ##<..#
........## ##....#
##.......#
##..#@## #.......#
#..##g#
##.......###.###.#
........###..# #.#
.###........## #.#
## #.######## #.#
#..# #.# #..## #.#
#.#


You could see Ijyb.

Vanquished Creatures
  A howler monkey (D:4)
  A bombardier beetle (D:4)
  4 adders
  3 dart slugs (D:4)
  4 orcs
  3 ball pythons (D:4)
  3 bats (D:2)
  4 endoplasms
  A giant cockroach (D:4)
  2 goblins
  3 hobgoblins
  A quokka (D:4)
  A kobold (D:4)
  2 rats (D:3)
33 creatures vanquished.

Notes
Turn   | Place    | Note
-------+----------+-------------------------------------------
     0 | D:1      | H0rd4k the Octopode Artificer began the quest for the Orb.
     0 | D:1      | Reached XP level 1. HP: 13/13 MP: 1/1
   100 | D:2      | Reached skill level 1 in Unarmed Combat
   100 | D:2      | Reached XP level 2. HP: 12/18 MP: 2/2
   276 | D:2      | Reached skill level 2 in Unarmed Combat
   343 | D:3      | Found Ughojaeh's Weapon Shoppe.
   362 | D:3      | Found a runed translucent door.
   390 | D:3      | Found a shadowy altar of Dithmenos.
   417 | D:3      | Reached XP level 3. HP: 17/23 MP: 3/3
   610 | D:4      | Found a staircase to the Ecumenical Temple.
   633 | Temple   | Entered the Ecumenical Temple
   873 | D:4      | Reached skill level 3 in Unarmed Combat
   873 | D:4      | Reached XP level 4. HP: 25/29 MP: 4/4
   904 | D:4      | Reached skill level 4 in Unarmed Combat
   904 | D:4      | Reached XP level 5. HP: 26/34 MP: 5/5
  1488 | Temple   | Became a worshipper of Gozag Ym Sagoz the Greedy
  1668 | D:3      | Noticed Ijyb
  1674 | D:3      | Killed from afar by Ijyb

Illustrated notes

Levels and vault maps discovered:
D:1:      dpeg_arrival_rooms_c, layout_loops_ring,
          shapermc_ecumenical_altar_starsandcircs
D:2:      layout_loops_ring, minivault_27, corexii_corridor_pit
D:3:      wad_crossroads, layout_rooms, nicolae_dithmenos_the_darkroom,
          ebering_ghost_reflecting_pool, serial_shops, shop,
          uniq_crazy_yiuf_cottage, uniq_ijyb, uniq_grinder
D:4:      layout_loops_ring, minmay_temple_entry_antechambers, minivault_27,
          kennysheep_small_spiral
Temple:   nicolae_temple_bog_church

Skill      XL: |  1  2  3  4  5 |
---------------+----------------+-----
Unarmed Combat | 1 2 3 4 |  4.4
Fighting       | 2 |  2.0
Dodging        | |  2.3
Stealth        | |  1.3
Evocations     | |  3.2

Action                     |  1- 3 |  4- 6 || total
---------------------------+-------+-------++-------
  Melee: Unarmed           |    53 |    25 ||    78
         Tentacles         |     8 |    10 ||    18
         Constrict         |    15 |     6 ||    21
         Punch             |     1 |       ||     1
   Stab: Sleeping          |     2 |     5 ||     7
         Distracted        |     1 |       ||     1
 Armour: Skin              |    15 |    10 ||    25
  Dodge: Dodged            |    26 |     8 ||    34
